 Dungeon Crawl Stone Soup version 0.20-a0-947-g2784f4f (webtiles) character file.

553 4thArraOfDagon the Shooter (level 7, -7/50 HPs)
             Began as a Mummy Wanderer on Apr 2, 2017.
             Was an Initiate of Gozag.
             Mangled by a wyvern zombie (10 damage)
             ... in an ossuary on Apr 3, 2017.
             The game lasted 00:10:51 (4889 turns).

4thArraOfDagon the Shooter (Mummy Wanderer)         Turns: 4889, Time: 00:10:52

Health: -7/50      AC: 14    Str: 15    XL:     7   Next: 8%
Magic:  8/8        EV: 10    Int: 14    God:    Gozag
Gold:   253        SH:  0    Dex: 11    Spells: 6/6 levels left

rFire    x . .     SeeInvis .   j - +1 flail (protect)
rCold    + . .     Gourm    .   (no shield)
rNeg     + + +     Faith    .   g - +0 ring mail
rPois    ∞         Spirit   .   (no helmet)
rElec    .         Reflect  .   v - +0 cloak
rCorr    .         Harm     .   (no gloves)
MR       .....                  h - +0 pair of boots
Stlth    +.........             (no amulet)
Regen    0.2/turn               (no ring)
MPRegen  0.2/turn               (no ring)

@: gold aura, protection aura
A: no food or potions, fire vulnerability, cold resistance 1, negative energy
resistance 3, torment resistance, unbreathing
a: Potion Petition, Call Merchant, Bribe Branch, Renounce Religion


You were in an ossuary.
You worshipped Gozag.
Gozag was aware of your devotion.
You were not hungry.

You visited 1 branch of the dungeon, and saw 6 of its levels.
You also visited: Ossuary.

You collected 637 gold pieces.
You paid 384 gold pieces to Gozag.

Inventory:

Hand Weapons
 a - a +2 shortbow
 c - a +0 hand crossbow
 j - a +1 flail of protection (weapon)
 k - a +0 blowgun
 o - a +2 dagger of venom
Missiles
 b - 42 arrows
 d - 40 bolts
 l - 14 poisoned needles
Armour
 f - a +0 robe
 g - a +0 ring mail (worn)
 h - a +0 pair of boots (worn)
 v - a +0 cloak (worn)
Scrolls
 i - 2 scrolls of identify
 n - a scroll of random uselessness
 p - 2 scrolls of remove curse
 s - 2 scrolls of fog
 t - a scroll of enchant weapon
 u - a scroll of immolation
Books
 m - a book of Minor Magic

   Spells                             Type                      Level
   a - Magic Dart                     Conjuration                  1
   b - Blink                          Translocation                2
   c - Call Imp                       Summoning                    2
   d - Slow                           Hexes                        2
   e - Conjure Flame                  Conjuration/Fire             3
   f - Mephitic Cloud                 Conjuration/Poison/Air       3
 q - a book of Geomancy

   Spells                             Type                      Level
   a - Sandblast                      Earth                        1
   b - Passwall                       Transmutation/Earth          2
   c - Stone Arrow                    Conjuration/Earth            3
   d - Petrify                        Transmutation/Earth          4
   e - Lee's Rapid Deconstruction     Earth                        5
 r - a book of Misfortune

   Spells                             Type                      Level
   a - Confusing Touch                Hexes                        1
   b - Confuse                        Hexes                        3
   c - Gell's Gravitas                Translocation                3
   d - Petrify                        Transmutation/Earth          4
   e - Metabolic Englaciation         Hexes/Ice                    5
   f - Yara's Violent Unravelling     Hexes/Transmutation          5


   Skills:
 - Level 2.0 Fighting
 * Level 4.2 Maces & Flails
 + Level 4.6 Bows
 + Level 3.1 Armour
   Level 1.5 Evocations


You had 6 spell levels left.
You didn't know any spells.

Dungeon Overview and Level Annotations

Branches:
Dungeon (6/15)
 Temple: D:4-7

Altars:
Cheibriados
Dithmenos
Fedhas
Gozag
Hepliaklqana
Qazlal
The Shining One

Shops:
D:4 (:(   D:6 !

Annotations:
D:3 Sigmund
D:4 Prince Ribbit
D:5 Dowan, Duvessa, Menkaure


Innate Abilities, Weirdness & Mutations

You do not eat or drink.
Your flesh is vulnerable to fire.
You are immune to poison.
Your flesh is cold resistant. (rC+)
You are immune to negative energy. (rN+++)
You are immune to unholy pain and torment.
You can survive without breathing.


Message History

The wyvern zombie is lightly damaged.
The wyvern zombie bites you but does no damage.
You thump the wyvern zombie!
The wyvern zombie is moderately damaged.
The wyvern zombie bites you. The wyvern zombie barely misses you.
You hit the wyvern zombie but do no damage.
The wyvern zombie is moderately damaged.
The wyvern zombie closely misses you.
You sock the wyvern zombie!
The wyvern zombie is heavily damaged.
The wyvern zombie bites you!
* * * LOW HITPOINT WARNING * * *
The wyvern zombie barely misses you.
You barely miss the wyvern zombie.
The wyvern zombie is heavily damaged.
The wyvern zombie bites you!
* * * LOW HITPOINT WARNING * * *
The wyvern zombie bites you!
You die...
Your body crumbles into a pile of gold.

## ## # #.
.#
+#'#'#'#'#+#
.......Z...+
##Z## #.@.#
#.∩.# #∩..#
#####


You could see a quokka zombie and a wyvern zombie.

Vanquished Creatures
  An ice beast (D:4)
  A centaur (D:6)
  A bullfrog (D:6)
  A centaur skeleton (D:4)
  An iguana (D:6)
  2 worker ants (D:6)
  2 hound zombies
  3 mummies (Ossuary)
  A worker ant zombie (Ossuary)
  5 adders
  2 adder skeletons
  2 adder zombies (Ossuary)
  A worm (D:5)
  2 dart slugs
  3 leopard geckos
  3 orcs (D:3)
  A ball python (D:4)
  3 giant cockroaches
  7 goblins
  11 hobgoblins
  2 jackals (D:2)
  2 quokkas (D:4)
  2 bats
  2 frilled lizards
  A jackal skeleton (D:4)
  A jackal zombie (D:6)
  8 kobolds
  6 rats
  A rat zombie (D:6)
78 creatures vanquished.

Notes
Turn   | Place    | Note
-------+----------+-------------------------------------------
     0 | D:1      | 4thArraOfDagon the Mummy Wanderer began the quest for the Orb.
     0 | D:1      | 4thArraOfDagon set off with: a +2 shortbow, 24 arrows, a +0 hand crossbow, 24 bolts, a scroll of teleportation, a +0 robe
     0 | D:1      | Reached XP level 1. HP: 16/16 MP: 2/2
   116 | D:2      | Found a stormy altar of Qazlal.
   116 | D:2      | Found a blossoming altar of Fedhas.
   121 | D:2      | Found an opulent altar of Gozag.
   123 | D:2      | Found a hazy altar of Hepliaklqana.
   124 | D:2      | Found a shadowy altar of Dithmenos.
   455 | D:1      | Reached XP level 2. HP: 22/22 MP: 3/3
   730 | D:2      | Became a worshipper of Gozag Ym Sagoz the Greedy
   982 | D:2      | Found a glowing golden altar of the Shining One.
  1095 | D:2      | Reached XP level 3. HP: 16/27 MP: 4/4
  1230 | D:2      | You fall through a shaft for 2 floors!
  1240 | D:5      | Entered Level 5 of the Dungeon
  1240 | D:5      | Noticed Prince Ribbit
  2466 | D:2      | Reached skill level 1 in Maces & Flails
  2682 | D:3      | Reached XP level 4. HP: 20/33 MP: 5/5
  2972 | D:3      | Noticed Sigmund
  3048 | D:4      | Reached XP level 5. HP: 33/38 MP: 6/6
  3258 | D:4      | Found a snail-covered altar of Cheibriados.
  3358 | D:4      | Found Lesk's Book Shop.
  3448 | D:4      | Found Zinkaf's Weapon Boutique.
  3510 | D:4      | Found Ziukluh's Weapon Emporium.
  3808 | D:5      | Noticed an ice beast
  3822 | D:4      | Killed an ice beast
  4356 | D:5      | Noticed Duvessa
  4357 | D:5      | Noticed Dowan
  4361 | D:5      | Noticed Menkaure
  4390 | D:6      | Reached XP level 6. HP: 32/44 MP: 7/7
  4472 | D:6      | HP: 2/44 [bullfrog (6)]
  4490 | D:6      | Found Toquesae's Distillery.
  4643 | D:6      | Found a sand-covered staircase.
  4658 | Ossuary  | Entered an ossuary
  4724 | Ossuary  | Reached XP level 7. HP: 19/50 MP: 8/8
  4889 | Ossuary  | Mangled by a wyvern zombie

Vault maps used:
D:1:      roderic_lyre, serial_bayou_lagoon_a
D:2:      chequers_temple_overflow_minitemple, old_standard_altar
D:3:      nicolae_ru_the_path_less_chosen, uniq_sigmund
D:4:      cheibriados_altar_1, serial_shops, shop, shop, shop,
          minmay_misc_feat_tiny
D:5:      first_bread, uniq_prince_ribbit1, uniq_menkaure, uniq_duvessa
D:6:      wad_guarded_room, kennysheep_mini, minmay_temple_entry_poolview,
          enter_ossuary_3, serial_shops, shop
Ossuary:  ossuary_zaba_flooded

Skill      XL: |  1  2  3  4  5  6 |
---------------+-------------------+-----
Bows           | 3 4 |  4.6
Maces & Flails | 1 2 3 4 |  4.2
Armour         | 3 |  3.1
Fighting       | |  2.0
Evocations     | |  1.5

Action                   |  1- 3 |  4- 6 |  7- 9 || total
-------------------------+-------+-------+-------++-------
Melee: Flail             |    39 |    71 |    26 ||   136
 Fire: Shortbow          |    91 |    88 |       ||   179
Invok: Potion Petition   |       |     2 |       ||     2
  Use: Scroll            |     2 |    10 |       ||    12
 Stab: Invisible         |       |     5 |       ||     5
       Distracted        |       |     1 |       ||     1
Armor: Robe              |    10 |       |       ||    10
       Ring mail         |       |    47 |    14 ||    61
Dodge: Dodged            |    47 |    70 |     9 ||   126
